 Dungeon Crawl Stone Soup version 0.31-a0-977-gc230f8ef24 (webtiles) character file.

Game seed: 14008361416670968353

322 timneilson the Ruffian (level 6, -2/37 (41) HPs)
             Began as an Octopode Shapeshifter on Oct 29, 2023.
             Slain by Edmund
             ... wielding a +0 dire flail of draining
              (5 damage)
             ... on level 5 of the Dungeon.
             The game lasted 00:07:13 (3510 turns).

timneilson the Ruffian (Octopode Shapeshifter)      Turns: 3510, Time: 00:07:14

HP:   -2/37 (41)    AC:  1    Str: 16    XL:     6   Next: 47%
MP:   7/7           EV: 13    Int: 12    God:
Gold: 128           SH:  5    Dex: 11    Spells: 6/7 levels left

rFire   . .          .
                       - Unarmed
rCold   . . .        (no shield)
rNeg    . . .        (helmet currently unavailable)
rPois   .            d - amulet of reflection
rElec   .            (no ring)
rCorr   .            (no ring)
SInv    .            (no ring)
Will    .....        (no ring)
Stlth   +++          (no ring)
HPRegen 0.26/turn    (no ring)
MPRegen 0.10/turn    (no ring)
                     (no ring)

%: reflection
@: beast-form, hasted, drained, very quick
A: beast (slay +2), almost no armour, amphibious, 8 rings, camouflage 1,
gelatinous body 1, (nimble swimmer 1), tentacles
a: Begin Untransformation


You were on level 5 of the Dungeon.
You were a hulking beast.
You visited 1 branch of the dungeon, and saw 5 of its levels.

You collected 128 gold pieces.

Inventory:

Jewellery
 d - an amulet of reflection (around mantle)
Talismans
 b - a beast talisman
 c - a flux talisman
Scrolls
 f - a scroll of enchant armour
 g - 5 scrolls of identify
Potions
 a - a potion of lignification
 e - 4 potions of curing


   Skills:
 * Level 2.7 Fighting
 * Level 3.1 Dodging
 + Level 2.3 Stealth
 + Level 1.0 Shields
 * Level 4.0 Unarmed Combat
 + Level 1.2 Spellcasting
 + Level 1.4 Translocations
 * Level 3.8 Shapeshifting


You had 6 spell levels left.
You knew the following spells:

 Your Spells              Type           Power      Damage    Failure   Level
a - Apportation           Tloc           8%         N/A       16%         1

Your spell library contained the following spells:

 Spells                   Type           Power      Damage    Failure   Level
 Necrotise                Necr           0%         1d4       30%         1
 Sandblast                Erth           0%         2d4       30%         1
 Sting                    Tmut/Pois      0%         1d3       30%         1
 Summon Small Mammal      Summ           0%         N/A       30%         1
 Passwall                 Tmut/Erth      0%         N/A       41%         2
 Poisonous Vapours        Pois/Air       0%         N/A       41%         2
 Gell's Gravitas          Tloc           4%         N/A       43%         3
 Teleport Other           Tloc           4%         N/A       43%         3
 Stone Arrow              Conj/Erth      0%         3d7       65%         3
 Brom's Barrelling Bould  Conj/Erth      0%         2d3       96%         4
 Olgreb's Toxic Radiance  Pois           0%         N/A       96%         4
 Dispersal                Tloc           2%         N/A       100%        6


Dungeon Overview and Level Annotations

Branches:
Dungeon (5/15)
 Temple: D:4-7

Altars:
Elyvilon
Makhleb
Nemelex Xobeh
Trog
Yredelemnul
Zin

Shops:
D:4 !*((

Annotations:
D:5 Edmund


Innate Abilities, Weirdness & Mutations

You are a hulking beast.
Your limbs bulge with bestial killing power. (Slay +2)
You cannot wear most types of armour.
You are amphibious.
You can wear up to eight rings at the same time.
Your skin changes colour to match your surroundings (Stealth+).
Your rubbery body absorbs attacks. (AC +1, EV +1)
((You are camouflaged when in or above water. (Stealth+)))
You have tentacles for arms and can constrict up to eight enemies at once.


Message History

Edmund is nearby!
Edmund zaps a wand.
The puff of flame hits you!
You climb upwards.
There is a stone staircase leading down here.
You start resting.
HP restored.
Okay, then.
As you read the scroll labelled TOSMUE FOUFIE, it crumbles to dust.
It is a scroll of enchant armour.
You aren't carrying any armour which can be enchanted further.
As you read the scroll labelled FUQETAR EXOJ, it crumbles to dust.
It is a scroll of enchant weapon.
You aren't carrying any weapons that can be enchanted.
As you read the scroll labelled LIJYED QIREO, it crumbles to dust.
Your body is wracked with pain!
It was a scroll of torment.
As you read the scroll of identify, it crumbles to dust.
j - a potion of haste You start resting.
HP restored.
You feel yourself speed up.
You climb downwards.
Level annotation: Edmund Edmund completely misses you.
There is a stone staircase leading up here.
You completely miss Edmund. You grab Edmund.
You constrict Edmund, but do no damage. You tentacle-slap Edmund.
Your squeeze misses Edmund.
Edmund is lightly wounded.
You constrict Edmund.
Edmund hits you with a +0 dire flail of draining!
You feel drained.
You tentacle-slap Edmund.
You tentacle-slap Edmund, but do no damage.
Edmund is lightly wounded.
You constrict Edmund, but do no damage.
Edmund hits you with a +0 dire flail of draining!
* * * LOW HITPOINT WARNING * * *
You feel drained.
You die...
Edmund says, "I'd like to see a scythe do that!"

.. ..
#####..#
#.@h#..# ..
#.###..#...
#......#...
##.........
+.........
#.........
#....@....
#.......?.
#.........


You could see Edmund.

Vanquished Creatures
  Blork the orc (D:4)
  Jessica (D:2)
  Natasha (twice) (D:2)
  3 gnolls (D:3)
  7 adders
  A worm (D:2)
  2 dart slugs
  4 orcs (D:3)
  8 bats
  5 endoplasms
  3 giant cockroaches
  6 goblins
  5 hobgoblins
  7 jackals
  A quokka (D:3)
  9 ball pythons
  A frilled lizard (D:1)
  7 kobolds
  11 rats
84 creatures vanquished.

Notes
Turn   | Place    | Note
-------+----------+-------------------------------------------
     0 | D:1      | timneilson the Octopode Shapeshifter began the quest for
                  | the Orb.
     0 | D:1      | Reached XP level 1. HP: 13/13 MP: 1/1
   221 | D:1      | Reached XP level 2. HP: 18/18 MP: 2/2
   223 | D:1      | Learned a level 1 spell: Apportation
   251 | D:1      | Reached skill level 1 in Stealth
   872 | D:2      | Noticed Jessica
   879 | D:2      | Killed Jessica
   880 | D:2      | Reached XP level 3. HP: 17/23 MP: 3/3
   898 | D:2      | Reached XP level 4. HP: 19/29 MP: 4/4
  1046 | D:2      | Noticed Natasha
  1054 | D:2      | Killed Natasha
  1471 | D:2      | Noticed Natasha
  1473 | D:2      | Killed Natasha
  1474 | D:2      | Reached skill level 1 in Translocations
  1474 | D:2      | Reached XP level 5. HP: 27/34 MP: 6/6
  1474 | D:2      | Found a glowing silver altar of Zin.
  1935 | D:3      | Found a bloodstained altar of Trog.
  2467 | D:3      | Found a basalt altar of Yredelemnul.
  2472 | D:3      | Found a sparkling altar of Nemelex Xobeh.
  2472 | D:3      | Found a white marble altar of Elyvilon.
  2472 | D:3      | Found a burning altar of Makhleb.
  2558 | D:3      | Reached skill level 1 in Spellcasting
  2635 | D:4      | Found Xotami's Antique Weapon Emporium.
  2659 | D:4      | Reached XP level 6. HP: 41/41 MP: 7/7
  2665 | D:4      | Found Faelucw's Antique Weapon Boutique.
  2757 | D:4      | Noticed Blork the orc
  2763 | D:4      | Killed Blork the orc
  2764 | D:4      | Reached skill level 1 in Shields
  2764 | D:4      | Reached skill level 4 in Unarmed Combat
  2921 | D:4      | Found Urowoh's Distillery.
  3023 | D:4      | Found Tenamil's General Store.
  3358 | D:5      | Entered Level 5 of the Dungeon
  3370 | D:5      | Noticed Edmund
  3510 | D:5      | Slain by Edmund

Illustrated notes

Levels and vault maps discovered:
D:1:      dpeg_arrival_three_same_balls, layout_loops_ring,
          kennysheep_another_room
D:2:      layout_loops_corners, basic_altar, kennysheep_decorative_pillar,
          uniq_jessica, uniq_natasha
D:3:      layout_loops_ring, mainiacjoe_overflow_paths, minitemple
D:4:      layout_loops_cross, serial_shops, nicolae_stop_n_shop_1,
          nicolae_shop_temple_entry_statues_fountains, nicolae_shop_crystal,
          nicolae_square_shop, uniq_blork_the_orc
D:5:      cheibrodos_iron_armory, layout_basic, minmay_temple_entry_trees,
          uniq_edmund

Skill      XL: |  1  2  3  4  5  6 |
---------------+-------------------+-----
Stealth        | 1 2 |  2.3
Fighting       | 2 |  2.7
Translocations | 1 |  1.4
Spellcasting   | 1 |  1.2
Dodging        | 3 |  3.1
Shields        | 1 |  1.0
Unarmed Combat | 4 |  4.0
Shapeshifting  | |  3.8

Action                     |  1- 3 |  4- 6 || total
---------------------------+-------+-------++-------
  Melee: Unarmed           |    46 |   123 ||   169
         Constrict         |    12 |    33 ||    45
         Punch             |     4 |     4 ||     8
         Tentacles         |     3 |    24 ||    27
    Use: Scroll            |     3 |     6 ||     9
         Potion            |       |     1 ||     1
   Stab: Sleeping          |     8 |    11 ||    19
 Armour: Skin              |    20 |    36 ||    56
  Dodge: Dodged            |    30 |    57 ||    87
  Block: Other             |       |    12 ||    12
         Reflection        |       |     2 ||     2

Table legend: (Time is in decaauts)
 A = Elapsed time spent in this place.
 B = Non-inter-level travel time spent in this place.
 C = Inter-level travel time spent in this place.
 D = Time resting spent in this place.
 E = Time spent auto-exploring this place.
 F = Levels seen in this place.
 G = Mean time per level.
                   A        B        C        D        E       F      G
               +--------+--------+--------+--------+--------+-----+--------+
         Total |   3497 |   3342 |    155 |    121 |   2409 |   5 |  699.4 |
       Dungeon |   3497 |   3342 |    155 |    121 |   2409 |   5 |  699.4 |
               +--------+--------+--------+--------+--------+-----+--------+

Top non-repeatable levels by time:
     D:2: 1028 daAuts
     D:4: 845 daAuts
     D:1: 845 daAuts
     D:3: 750 daAuts
     D:5: 27 daAuts
